 Dungeon Sprint DCSS version 0.19.0-2-gae57169 (webtiles) character file.

13153 poirepourri the Severer (level 11, 0/123 HPs)
             Began as a Deep Dwarf Fighter on Nov 3, 2016.
             Was the Champion of Makhleb.
             Succumbed to Urug's poison
             ... in the Dungeon (Sprint III: "The Ten Rune Challenge").
             The game lasted 00:08:21 (1493 turns).

poirepourri the Severer (Deep Dwarf Fighter)        Turns: 1493, Time: 00:08:22

Health: 0/123      AC:  6    Str: 22    XL:     11   Next: 71%
Magic:  6/6        EV: 14    Int:  8    God:    Makhleb [******]
Gold:   3360       SH:  9    Dex: 14    Spells: 0 memorised, 10 levels left

rFire  . . .     SeeInvis .     a - +0 war axe
rCold  . . .     Gourm    .     f - +0 scale mail {MR+}
rNeg   . . .     Faith    .     c - +0 shield
rPois  .         Spirit   .     (no helmet)
rElec  .         Reflect  .     (no cloak)
rCorr  .         Harm     .     (no gloves)
MR     ++...     NoTele   +     (no boots)
Stlth  ..........               (no amulet)
                                (no ring)
                                (no ring)

@: lethally poisoned (0 -> -11), non-regenerating
A: damage resistance, recharge devices, sense surroundings 2, slow regeneration
3
a: Device Recharging, Minor Destruction, Lesser Servant of Makhleb, Major
Destruction, Greater Servant of Makhleb, Renounce Religion


You were in the Dungeon.
You worshipped Makhleb.
Makhleb was exalted by your worship.
You were not hungry.

You visited 1 branch You collected 3470 gold pieces.
You spent 110 gold pieces at shops.

Inventory:

Hand Weapons
 a - a +0 war axe (weapon)
Armour
 c - a +0 shield (worn)
 f - a +0 scale mail of magic resistance (worn)
Wands
 e - a wand of heal wounds (5/9)
Scrolls
 l - a scroll of blinking
 p - 4 scrolls of remove curse
Potions
 j - 2 potions of magic
 m - 3 potions of mutation
 r - 4 potions of cure mutation
 s - 3 potions of flight
Books
 d - a book of Misfortune

   Spells                             Type                      Level
   a - Confusing Touch                Hexes                        1
   b - Confuse                        Hexes                        3
   c - Gell's Gravitas                Hexes/Translocation          3
   d - Petrify                        Transmutation/Earth          4
   e - Metabolic Englaciation         Hexes/Ice                    5
   f - Yara's Violent Unravelling     Hexes/Transmutation          5
Comestibles
 h - 26 royal jellies
 q - 2 meat rations


   Skills:
 + Level 15.5 Fighting
 + Level 19.9 Axes
 + Level 3.2 Armour
 + Level 11.7 Dodging
 + Level 3.2 Shields
 + Level 12.1 Evocations


You had 10 spell levels left.
You didn't know any spells.

Dungeon Overview and Level Annotations

Branches:
Dungeon (1/1)

Altars:
Cheibriados
Dithmenos
Elyvilon
Fedhas
Gozag
Hepliaklqana
Kikubaaqudgha
Makhleb
Nemelex Xobeh
Okawaru
Qazlal
Ru
Sif Muna
Trog
Uskayaw
Vehumet
Xom
Yredelemnul
Zin
The Shining One
Beogh
Jiyva
Lugonu

Shops:
D *

Annotations:
D Urug


Innate Abilities, Weirdness & Mutations

You are resistant to damage.
You can recharge devices by infusing magical energy.
You passively map the area around you.
You do not regenerate.


Message History

You closely miss Urug.
Urug is heavily wounded.
You feel sick.
You slash Urug!
Urug is severely wounded.
You feel sick. Urug misses you.
You slash Urug!
Urug is almost dead.
You feel sick. Urug hits you but does no damage.
You hit Urug.
Urug is almost dead.
You feel sick.
You closely miss Urug.
Urug is almost dead.
Urug hits you with a battleaxe of venom!
* * * LOW HITPOINT WARNING * * *
You are lethally poisoned!
You hit Urug but do no damage.
Urug is almost dead.
You die...

, ♣.....♣
♣♣≈≈≈.†......≈≈≈...##.#
♣.≈≈≈≈'♣♣'♣≈≈≈≈≈≈≈≈≈≈≈≈♣♣P.'.#.
#†≈♣♣♣♣♣♣♣♣♣♣♣♣♣♣♣♣.P##(# #..♣♣
♣♣♣##)# ###†♣♣♣♣♣ ** * * #.). *
♣♣♣♣.##..## , #... *
♣...##.##.# , #... +
♣♣.##.##(##+ ≈ #### , ,
♣..#†##.@o# ,, ,, * * *
♣♣.##†##..# , ,, ♣♣.##.##### ,*
, , * ♣.....# , , , * **
####### * ** * + * , , * , ,
,,, , ,,, *≈ ,, ≈≈ * ** * * ,,
≈ , *,, , , , ,* ≈ ≈ ≈≈


You could see Urug.

Vanquished Creatures
  Harold (D)
  Josephine (D)
  A centaur warrior (D)
  An unseen horror (D)
  A lindwurm (D)
  Joseph (D)
  5 deep elf magi (D)
  2 orc sorcerers (D)
  2 spiny frogs (D)
  A rime drake (D)
  A komodo dragon (D)
  A queen bee (D)
  2 tyrant leeches (D)
  3 redbacks (D)
  A shadow (D)
  A spatial vortex (D)
  A swamp drake (D)
  4 orc warriors (D)
  A necrophage (D)
  2 centaurs (D)
  An earth elemental (D)
  A water elemental (D)
  32 killer bees (D)
  A scorpion (D)
  A jelly (D)
  An orc priest (D)
  2 orc wizards (D)
  A wizard (D)
  Jessica (D)
  A necromancer (D)
  3 humans (D)
  A kobold demonologist (D)
  3 wandering mushrooms (D)
  An ooze (D)
  9 orcs (D)
  2 rats (D)
94 creatures vanquished.

Vanquished Creatures (others)
  2 draconian scorchers (D)
  A deep elf knight (D)
  6 hellions (D)
  2 yaktaurs (D)
  A plant (D)
12 creatures vanquished.

Grand Total: 106 creatures vanquished

Notes
Turn   | Place    | Note
-------+----------+-------------------------------------------
     0 | D        | poirepourri the Deep Dwarf Fighter began the quest for the Orb.
     0 | D        | Reached XP level 1. HP: 20/20 MP: 1/1
    30 | D        | Noticed Jessica
    40 | D        | Killed Jessica
    40 | D        | Reached skill level 5 in Fighting
    40 | D        | Reached skill level 3 in Axes
    40 | D        | Reached skill level 1 in Dodging
    40 | D        | Reached XP level 2. HP: 21/32 MP: 2/2
    40 | D        | Reached XP level 3. HP: 26/39 MP: 3/3
    53 | D        | Noticed a scorpion
    68 | D        | Reached skill level 4 in Axes
    74 | D        | Killed a scorpion
    74 | D        | Reached skill level 5 in Axes
    74 | D        | Reached skill level 1 in Evocations
    74 | D        | Reached XP level 4. HP: 46/49 MP: 4/4
   104 | D        | Killed a hellion
   115 | D        | Noticed a water elemental
   116 | D        | Killed a hellion
   116 | D        | Killed a hellion
   116 | D        | Killed a hellion
   116 | D        | Killed a hellion
   121 | D        | HP: 1/49 [water elemental (15)]
   123 | D        | Killed a water elemental
   123 | D        | Reached skill level 7 in Axes
   123 | D        | Reached XP level 5. HP: 38/57 MP: 4/6
   144 | D        | Found a radiant altar of Vehumet.
   144 | D        | Found a deep blue altar of Sif Muna.
   144 | D        | Found an ancient bone altar of Kikubaaqudgha.
   149 | D        | Killed a hellion
   152 | D        | Reached skill level 8 in Axes
   207 | D        | Found a glowing silver altar of Zin.
   207 | D        | Found a glowing golden altar of the Shining One.
   207 | D        | Found a white marble altar of Elyvilon.
   208 | D        | Noticed a deep elf mage
   213 | D        | Killed a white draconian scorcher
   213 | D        | Killed a white draconian scorcher
   224 | D        | Killed a deep elf mage
   224 | D        | Reached skill level 12 in Axes
   224 | D        | Reached XP level 6. HP: 66/70 MP: 5/7
   224 | D        | Reached XP level 7. HP: 71/76 MP: 5/8
   282 | D        | Found a basalt altar of Yredelemnul.
   282 | D        | Found a shadowy altar of Dithmenos.
   282 | D        | Found a sacrificial altar of Ru.
   290 | D        | Killed a yaktaur
   303 | D        | Found a hide-covered altar of Uskayaw.
   303 | D        | Found a roughly hewn altar of Beogh.
   303 | D        | Found an iron altar of Okawaru.
   303 | D        | Found a bloodstained altar of Trog.
   303 | D        | Noticed a human
   304 | D        | Noticed a human
   314 | D        | Killed a human
   314 | D        | Reached skill level 13 in Axes
   314 | D        | Killed a human
   314 | D        | Reached skill level 10 in Fighting
   314 | D        | Reached skill level 5 in Dodging
   314 | D        | Reached XP level 8. HP: 86/86 MP: 10/10
   392 | D        | Reached skill level 14 in Axes
   403 | D        | Found a blossoming altar of Fedhas.
   403 | D        | Found a stormy altar of Qazlal.
   403 | D        | Found a snail-covered altar of Cheibriados.
   403 | D        | Found a burning altar of Makhleb.
   403 | D        | Found a shimmering altar of Xom.
   404 | D        | Found a hazy altar of Hepliaklqana.
   404 | D        | Found an opulent altar of Gozag.
   404 | D        | Found a sparkling altar of Nemelex Xobeh.
   404 | D        | Found a corrupted altar of Lugonu.
   404 | D        | Found a viscous altar of Jiyva.
   418 | D        | Became a worshipper of Makhleb the Destroyer
   435 | D        | Noticed Josephine
   451 | D        | Killed Josephine
   451 | D        | Reached skill level 15 in Axes
   451 | D        | Reached skill level 5 in Evocations
   451 | D        | Gained mutation: You passively map the area around you. [Deep Dwarf growth]
   451 | D        | Reached XP level 9. HP: 40/97 MP: 10/12
   555 | D        | Noticed a centaur warrior
   561 | D        | Reached * piety under Makhleb
   561 | D        | Reached skill level 16 in Axes
   563 | D        | Killed a centaur warrior
   606 | D        | Killed an unseen horror
   606 | D        | Reached ** piety under Makhleb
   606 | D        | Reached skill level 17 in Axes
   615 | D        | Noticed a wandering mushroom
   619 | D        | Noticed a wandering mushroom
   621 | D        | Noticed a wandering mushroom
   641 | D        | Killed a wandering mushroom
   647 | D        | Reached XP level 10. HP: 67/106 MP: 10/10
   666 | D        | Noticed Harold
   666 | D        | Noticed Joseph
   692 | D        | Killed Harold
   692 | D        | Reached *** piety under Makhleb
   692 | D        | Reached skill level 18 in Axes
   711 | D        | Killed Joseph
   808 | D        | Reached **** piety under Makhleb
   842 | D        | Reached ***** piety under Makhleb
   885 | D        | Reached skill level 10 in Evocations
   901 | D        | Reached ****** piety under Makhleb
  1062 | D        | Found Kahoodos's General Store.
  1076 | D        | Reached skill level 10 in Dodging
  1076 | D        | Reached XP level 11. HP: 77/118 MP: 9/9
  1077 | D        | Noticed an orc sorcerer
  1086 | D        | Noticed an orc sorcerer
  1090 | D        | Noticed a soul eater
  1104 | D        | Killed an orc sorcerer
  1111 | D        | Killed an orc sorcerer
  1111 | D        | Reached skill level 19 in Axes
  1181 | D        | Noticed a deep elf knight
  1181 | D        | Noticed a deep elf mage
  1181 | D        | Noticed a deep elf mage
  1181 | D        | Noticed a deep elf mage
  1181 | D        | Noticed a deep elf mage
  1223 | D        | Killed a deep elf knight
  1232 | D        | Killed a deep elf mage
  1240 | D        | Killed a deep elf mage
  1248 | D        | Killed a deep elf mage
  1252 | D        | Killed a deep elf mage
  1268 | D        | Bought a +0 scale mail of magic resistance for 110 gold pieces
  1341 | D        | Reached skill level 15 in Fighting
  1454 | D        | Noticed a lindwurm
  1462 | D        | Killed a lindwurm
  1478 | D        | Noticed Urug
  1492 | D        | HP: 2/123 [Urug/battleaxe of venom (6)]
  1493 | D        | Succumbed to Urug's poison

Skill      XL: |  1  2  3  4  5  6  7  8  9 10 11 |
---------------+----------------------------------+-----
Fighting       | 5 6 7 9 10 11 12 13 15 | 15.5
Axes           | 3 5 7 12 13 15 17 18 19 | 19.9
Dodging        | 1 2 4 5 6 7 10 11 | 11.7
Evocations     | 1 3 4 5 7 10 12 | 12.1
Armour         | |  3.2
Shields        | |  3.2

Action                   |  1- 3 |  4- 6 |  7- 9 | 10-12 || total
-------------------------+-------+-------+-------+-------++-------
Melee: War axe           |    27 |    28 |    89 |   356 ||   500
 Abil: Device Recharging |       |     1 |     4 |     9 ||    14
Evoke: Wand              |     2 |     3 |    13 |    31 ||    49
  Use: Scroll            |       |     3 |       |     1 ||     4
       Potion            |       |     2 |     2 |     1 ||     5
  Eat: Bread ration      |       |       |       |     1 ||     1
Armor: Scale mail        |     7 |     5 |    16 |    53 ||    81
Dodge: Dodged            |     3 |     6 |    18 |   157 ||   184
Block: Shield            |    14 |    10 |    34 |   153 ||   211
